 Dungeon Crawl Stone Soup version 0.28.0 (webtiles) character file.

Game seed: 14034109335541352773

175 SnakkuSnakku7 the Skirmisher (level 5, -5/42 (50) HPs)
             Began as a Hill Orc Fighter on Feb 16, 2022.
             Slain by a wight (7 damage)
             ... on level 2 of the Dungeon.
             The game lasted 00:02:27 (2012 turns).

SnakkuSnakku7 the Skirmisher (Hill Orc Fighter)     Turns: 2012, Time: 00:02:27

HP:   -5/42 (50)    AC: 11    Str: 21    XL:     5   Next: 55%
MP:   5/5           EV:  5    Int:  8    God:
Gold: 120           SH:  4    Dex: 10    Spells: 4/4 levels left

rFire   . . .      SeeInvis .   a - +0 war axe
rCold   . . .      Faith    .   c - +0 buckler
rNeg    . . .      Spirit   .   r - +0 plate armour
rPois   .          Reflect  .   (no helmet)
rElec   .          Harm     .   (no cloak)
rCorr   .          Rampage  .   (no gloves)
Will    .....                   (no boots)
Stlth   ..........              (no amulet)
HPRegen 0.14/turn               (no ring)
MPRegen 0.09/turn               (no ring)

@: heavily drained
A: no striking features
a: no special abilities


You were on level 2 of the Dungeon.
You visited 1 branch of the dungeon, and saw 3 of its levels.

You collected 120 gold pieces.

Inventory:

Hand Weapons
 a - a +0 war axe (weapon)
 b - a +2 dagger of venom
Armour
 c - a +0 buckler (worn)
 h - a +0 scale mail
 m - a +0 chain mail
 r - a +0 plate armour (worn)
Jewellery
 n - an amulet of the acrobat
Scrolls
 e - 3 scrolls of identify {unknown}
 g - 2 scrolls of fog {unknown}
 k - a scroll of magic mapping {unknown}
 l - a scroll of amnesia {unknown}
 o - 2 scrolls of teleportation {unknown}
Potions
 d - a potion of might
 f - a potion of mutation {unknown}
 i - a potion of berserk rage {unknown}
 j - a potion of degeneration {unknown}
 p - a potion of curing {unknown}
 q - a potion of brilliance {unknown}


   Skills:
 + Level 5.7 Fighting
 + Level 5.5 Axes
 - Level 3.2 Armour
 - Level 3.2 Shields


You had 4 spell levels left.
You didn't know any spells.
Your spell library contained the following spells:

 Spells                   Type           Power      Damage    Failure   Level
 Magic Dart               Conj           0%         1d3       100%        1
 Searing Ray              Conj           0%         2d4       100%        2
 Fulminant Prism          Conj/Hex       0%         3d6       100%        4


Dungeon Overview and Level Annotations

Branches:
Dungeon (3/15)

Altars:


Message History

There is a stone staircase leading up here.
The wight hits you with a +5 flail.
You feel drained.
You climb upwards.
There is a stone staircase leading down here.
You barely miss the wight. The wight hits you with a +5 flail!
You barely miss the wight. The wight hits you but does no damage.
You barely miss the wight. The wight hits you with a +5 flail.
You feel drained.
You hit the wight.
The wight is lightly damaged.
The wight hits you with a +5 flail. The wight barely misses you.
You hit the wight.
The wight is lightly damaged.
The wight hits you with a +5 flail!
* * * LOW HITPOINT WARNING * * *
You feel drained.
* * * LOW HITPOINT WARNING * * *
You are too injured to fight recklessly!
You are too injured to fight recklessly!
You hit the wight.
The wight is heavily damaged.
The wight hits you with a +5 flail.
* * * LOW HITPOINT WARNING * * *
You hit the wight but do no damage.
The wight is heavily damaged.
The wight barely misses you.
You hit the wight but do no damage.
The wight is heavily damaged.
The wight barely misses you.
You hit the wight.
The wight is severely damaged.
The wight hits you with a +5 flail.
* * * LOW HITPOINT WARNING * * *
You feel drained.
* * * LOW HITPOINT WARNING * * *
You block the wight's attack.
You hit the wight but do no damage.
The wight is severely damaged.
The wight hits you with a +5 flail!
You die...

#.......# #.(.....# ###
#.......# #####.#
##.....## #...#.#
##......### ##.....
#.........# ###..#
#.......#.## ##...#
#z......#..###..#รท#
##@....###.##..##.#
#.....## #.##.###.. ####
#.########.........
#..###)...[............#
#........>...####..##...
#.###...#.##############
#.# #.#.#...............
#.# #.#.#.####.####.####
#.# #.#.#.#..'.+..#.#..'


You could see a wight.

Vanquished Creatures
  2 wights
  Terence (D:2)
  2 adders
  2 worms
  A dart slug (D:1)
  3 ball pythons
  3 endoplasms
  A giant cockroach (D:3)
  2 goblins (D:2)
  5 hobgoblins
  8 jackals
  2 kobolds
  2 quokkas
  3 bats
  4 rats
41 creatures vanquished.

Notes
Turn   | Place    | Note
-------+----------+-------------------------------------------
     0 | D:1      | SnakkuSnakku7 the Hill Orc Fighter began the quest for the
                  | Orb.
     0 | D:1      | Reached XP level 1. HP: 19/19 MP: 1/1
   248 | D:1      | Reached XP level 2. HP: 27/27 MP: 2/2
   963 | D:2      | Noticed Terence
   977 | D:1      | Reached XP level 3. HP: 29/34 MP: 3/3
  1041 | D:2      | Killed Terence
  1042 | D:2      | Reached XP level 4. HP: 14/41 MP: 4/4
  1204 | D:2      | Reached skill level 5 in Fighting
  1688 | D:2      | Reached skill level 5 in Axes
  1688 | D:2      | Reached XP level 5. HP: 31/48 MP: 5/5
  2011 | D:2      | HP: 2/42 [wight (1)]
  2012 | D:2      | Slain by a wight

Illustrated notes

Levels and vault maps discovered:
D:1:      noname_arrival_rooms_in_the_neighbourhood, layout_basic,
          kennysheep_nondescript, minmay_pentomino_s2
D:2:      minmay_door_path, layout_rooms, uniq_terence
D:3:      layout_loops_corners, grunt_gozag_statues, bloody_trog,
          mainiacjoe_overflow_surrounded_room, uniq_sigmund

Skill      XL: |  1  2  3  4 |
---------------+-------------+-----
Axes           | 3 4 5 |  5.5
Fighting       | 4 5 |  5.7
Armour         | |  3.2
Shields        | |  3.2

Action                   |  1- 3 |  4- 6 || total
-------------------------+-------+-------++-------
Melee: War axe           |    46 |    79 ||   125
       Dagger            |     8 |       ||     8
Armor: Scale mail        |    22 |    10 ||    32
       Chain mail        |       |    22 ||    22
       Plate armour      |       |     2 ||     2
Dodge: Dodged            |    28 |    33 ||    61
Block: Buckler           |    19 |    12 ||    31
